 Dungeon Crawl Stone Soup version 0.27-a0-1065-ge809cff456 (webtiles) character file.

Game seed: 8086540179581404940

86 tardwrangler69 the Digger (level 4, -4/27 HPs)
             Began as an Octopode Earth Elementalist on Apr 22, 2021.
             Killed from afar by Terence (9 damage)
             ... with a puff of flame
             ... on level 3 of the Dungeon.
             The game lasted 00:02:06 (2935 turns).

tardwrangler69 the Digger (OpEE)                    Turns: 2935, Time: 00:02:07

Health: -4/27      AC:  1    Str:  7    XL:     4   Next: 50%
Magic:  8/8        EV: 13    Int: 18    God:
Gold:   92         SH:  0    Dex: 12    Spells: 7/8 levels left

rFire    . . .     SeeInvis .   k - +0 dagger (venom)
rCold    . . .     Faith    .   (no shield)
rNeg     . . .     Spirit   .   (helmet restricted)
rPois    .         Reflect  .   (no amulet)
rElec    .         Harm     .   (no ring)
rCorr    .         Rampage  .   (no ring)
Will     .....                  (no ring)
Stlth    +++.......             (no ring)
HPRegen  0.09/turn              (no ring)
MPRegen  0.11/turn              (no ring)
                                (no ring)
                                (no ring)

@: no status effects
A: almost no armour, amphibious, 8 rings, camouflage 1, gelatinous body 1,
(nimble swimmer 1), tentacles
a: no special abilities


You were on level 3 of the Dungeon.
You visited 1 branch of the dungeon, and saw 3 of its levels.

You collected 92 gold pieces.

Inventory:

Hand Weapons
 k - a +0 dagger of venom (weapon)
Missiles
 b - 53 stones
 d - 2 atropa-tipped darts
Jewellery
 g - a ring of wizardry
Scrolls
 c - a scroll of silence {unknown}
 e - a scroll of blinking {unknown}
 f - a scroll of teleportation {unknown}
 i - 3 scrolls of identify {unknown}
 l - 3 scrolls of amnesia {unknown}
 m - a scroll of vulnerability {unknown}
Potions
 a - a potion of curing {unknown}
 h - a potion of attraction {unknown}
 j - a potion of berserk rage {unknown}


   Skills:
 - Level 2.0 Dodging
 - Level 2.6 Stealth
 + Level 2.8 Spellcasting
 - Level 1.0 Transmutations
 * Level 4.5 Earth Magic


You had 7 spell levels left.
You knew the following spells:

 Your Spells              Type           Power      Damage    Failure   Level
a - Sandblast             Erth           38%        2d10      2%          1

Your spell library contained the following spells:

 Spells                   Type           Power      Damage    Failure   Level
 Passwall                 Tmut/Erth      10%        N/A       8%          2
 Stone Arrow              Conj/Erth      20%        3d8       19%         3
 Petrify                  Tmut/Erth      12%        N/A       45%         4
 Lee's Rapid Deconstruct  Erth           9%         3d8*      56%         5


Dungeon Overview and Level Annotations

Branches:
Dungeon (3/15)

Altars:

Annotations:
D:3 Terence


Innate Abilities, Weirdness & Mutations

You cannot wear most types of armour.
You are amphibious.
You can wear up to eight rings at the same time.
Your skin changes colour to match your surroundings (Stealth+).
Your rubbery body absorbs attacks. (AC +1, EV +1)
((You are camouflaged near water. (Stealth+)))
You have tentacles for arms and can constrict up to eight enemies at once.


Message History

A kobold is nearby!
A kobold is nearby!
The kobold throws a stone.
The stone closely misses you.
An orc comes into view. It is wielding a +0 flail.
The kobold throws a stone.
The stone barely misses you.
The kobold throws a stone.
The stone closely misses you.
The orc shouts!
The kobold misses you. The orc completely misses you.
You hit the orc.
The orc is poisoned.
You grab the orc. Your squeeze misses the orc.
The orc is lightly wounded.
You constrict the orc. The kobold barely misses you.
The orc completely misses you.
You hit the orc.
The orc looks as sick as possible!
The orc is almost dead.
You constrict the orc.
You kill the orc!
The kobold hits you but does no damage.
You miss the kobold. You grab the kobold. You constrict the kobold.
The kobold closely misses you.
You hit the kobold but do no damage.
The kobold is poisoned.
The kobold is moderately wounded.
You constrict the kobold.
You kill the kobold!
No target in view!
No target in view!
No target in view!
Terence is nearby!
Terence is nearby!
Terence is nearby!
Terence is nearby!
Terence zaps a wand.
The puff of flame hits you!
Casting: Sandblast (safe; 2% risk of failure)
Confirm with . or Enter, or press ? or * to list all spells.
You can't see any susceptible monsters within range! (Use Z to cast anyway.) Terence zaps a wand.
The puff of flame hits you!
Terence zaps a wand.
The puff of flame hits you.
* * * LOW HITPOINT WARNING * * *
Terence zaps a wand.
The puff of flame hits you!
You die...

#.....................<
####...........>..........
###.........................
#.......................†...
#########.###..##.##........
####).....##..#.##..
#.###...#........ ###.#
#.#.......... #.@.#
#.......#[... ##########.###
#..##...##... #..).......#
##..##...#....
##..)......#####........#)♣♣.
#..........................♣♣.
#..#......................#....
#. #.......@[...............#..
# #.........$.............##..
#.....................>.....


You could see Terence.

Vanquished Creatures
  3 adders (D:2)
  3 dart slugs
  2 orcs (D:3)
  5 endoplasms
  4 giant cockroaches
  4 hobgoblins
  2 jackals (D:1)
  2 quokkas
  6 ball pythons
  5 bats
  5 frilled lizards
  2 goblins
  5 kobolds
  4 rats
52 creatures vanquished.

Notes
Turn   | Place    | Note
-------+----------+-------------------------------------------
     0 | D:1      | tardwrangler69 the Octopode Earth Elementalist began the
                  | quest for the Orb.
     0 | D:1      | Reached XP level 1. HP: 11/11 MP: 3/3
   509 | D:1      | Reached XP level 2. HP: 17/17 MP: 5/5
  1400 | D:2      | Reached XP level 3. HP: 6/21 MP: 1/6
  1679 | D:2      | Reached skill level 4 in Earth Magic
  2028 | D:2      | Found a faded altar of an unknown god.
  2080 | D:2      | Reached XP level 4. HP: 16/27 MP: 5/8
  2826 | D:3      | Noticed Terence
  2935 | D:3      | Killed from afar by Terence

Illustrated notes

Levels and vault maps discovered:
D:1:      dpeg_arrival_tiny_h, layout_loops_ring
D:2:      layout_loops_cross, ebering_ecumenical_altar_webs
D:3:      layout_rooms, chequers_mini_garden, uniq_terence, uniq_jessica

Skill      XL: |  1  2  3 |
---------------+----------+-----
Earth Magic    | 4 |  4.5
Dodging        | |  2.0
Stealth        | |  2.6
Spellcasting   | |  2.8
Transmutations | |  1.0

Action                   |  1- 3 |  4- 6 || total
-------------------------+-------+-------++-------
Melee: Short sword       |    32 |       ||    32
       Constrict         |     9 |     7 ||    16
       Tentacles         |    10 |     3 ||    13
       Unarmed           |     1 |       ||     1
       Dagger            |    14 |    23 ||    37
 Cast: Sandblast         |    19 |     5 ||    24
 Stab: Sleeping          |    11 |     4 ||    15
Armor: Skin              |     3 |     3 ||     6
Dodge: Dodged            |    41 |    20 ||    61

Table legend: (Time is in decaauts)
 A = Elapsed time spent in this place.
 B = Non-inter-level travel time spent in this place.
 C = Inter-level travel time spent in this place.
 D = Time resting spent in this place.
 E = Time spent auto-exploring this place.
 F = Levels seen in this place.
 G = Mean time per level.
                   A        B        C        D        E       F      G
               +--------+--------+--------+--------+--------+-----+--------+
         Total |   2937 |   2849 |     88 |      7 |   2477 |   3 |  979.0 |
       Dungeon |   2937 |   2849 |     88 |      7 |   2477 |   3 |  979.0 |
               +--------+--------+--------+--------+--------+-----+--------+

Top non-repeatable levels by time:
     D:2: 1387 daAuts
     D:1: 1344 daAuts
     D:3: 206 daAuts
